 Seeded DCSS version 0.32-a0-918-g0f22ef8d61 (webtiles) character file.

Game seed: 202404101 (custom seed)

1419 Orlauf the Trooper (level 8, -4/65 HPs)
             Began as a Demonspawn Gladiator on Apr 10, 2024.
             Was a Priest of Uskayaw.
             Slain by a gnoll
             ... wielding a +0 halberd
             ... led by a gnoll sergeant
              (10 damage)
             ... on level 6 of the Dungeon.
             The game lasted 00:06:34 (4912 turns).

Orlauf the Trooper (Demonspawn Gladiator)           Turns: 4912, Time: 00:06:36

Health: -4/65      AC: 10    Str: 16    XL:     8   Next: 43%
Magic:  12/12      EV:  9    Int:  8    God:    Uskayaw [***...]
Gold:   247        SH:  0    Dex: 16    Spells: 7/7 levels left

rFire   + . .        b - +5 woodcutter's axe
rCold   . . .        (shield currently unavailable)
rNeg    . . .        h - +0 chain mail
rPois   .            c - +1 helmet
rElec   .            (no cloak)
rCorr   .            (no gloves)
SInv    .            (no boots)
Will    .....        (no amulet) Stlth
                     q - ring of flight
HPRegen 0.30/turn    u - ring of protection from fire
MPRegen 0.26/turn

%: no passive effects
@: flying
A: repulsion field 1, magic regeneration
a: Renounce Religion, Stomp, Line Pass


You were on level 6 of the Dungeon.
You worshipped Uskayaw.
Uskayaw was noncommittal.
You visited 1 branch of the dungeon, and saw 6 of its levels.

You collected 247 gold pieces.

Inventory:

Hand Weapons
 a - a +1 quarterstaff
 b - the +5 woodcutter's axe (weapon)
   (You found it on level 3 of the Dungeon)
 o - the +7 dagger "Wanwesa" {heavy, Will+ rCorr Str+3 Stlth+}
   (You found it on level 2 of the Dungeon)

   Str+3:     It affects your strength (+3).
   Will+:     It increases your willpower.
   rCorr:     It protects you from acid and corrosion.
   Stlth+:    It makes you more stealthy.
Missiles
 d - 3 throwing nets (quivered)
 e - 5 javelins
 k - 6 poisoned darts
 x - a curare-tipped dart
Armour
 c - a +1 helmet (worn)
 h - a +0 chain mail (worn)
Jewellery
 p - a ring of wizardry
 q - a ring of flight (left hand)
 u - a ring of protection from fire (right hand)
Wands
 i - a wand of mindburst (17)
 w - a wand of quicksilver (5)
Scrolls
 r - 2 scrolls of teleportation
 t - a scroll of fog
 v - a scroll of blinking
Potions
 f - 3 potions of curing
 g - 2 potions of might
 j - 2 potions of mutation {unknown}
 l - 2 potions of haste
 m - a potion of enlightenment {unknown}
 n - 2 potions of lignification {unknown}
 s - a potion of resistance {unknown}


   Skills:
 * Level 6.5 Fighting
 - Level 3.0(5.0) Maces & Flails
 + Level 6.2(6.5) Staves
 - Level 1.7 Throwing
 - Level 2.6 Dodging
 + Level 5.4 Invocations


You had 7 spell levels left.
You didn't know any spells.
Your spell library contained the following spells:

 Spells                   Type           Power      Damage    Failure   Level
 Call Imp                 Summ           0%         N/A       100%        2
 Sublimation of Blood     Necr           0%         N/A       100%        2
 Summon Hydra             Summ           0%         N/A       100%        7


Dungeon Overview and Level Annotations

Branches:
Dungeon (6/15)             Temple (0/1) D:5

Altars:
Cheibriados
Gozag
Hepliaklqana
Makhleb
Qazlal
Sif Muna
Uskayaw
Wu Jian


Innate Abilities, Weirdness & Mutations

You are surrounded by a mild repulsion field. (EV +2)
You regenerate magic rapidly.


Message History

The gnoll sergeant hits you from afar with a +0 spear!
The gnoll closely misses you.
You can now pass through a line of other dancers.
You are too injured to fight recklessly!
You hit the gnoll.
The gnoll is moderately wounded.
A gnoll comes into view. It is wielding a +0 whip.
The gnoll hits you but does no damage. The gnoll sergeant barely misses you.
The gnoll hits you from afar with a +0 halberd!
You barely miss the gnoll.
The gnoll is moderately wounded.
The gnoll sergeant hits you from afar with a +0 spear.
The gnoll completely misses you. The gnoll hits you but does no damage.
The gnoll barely misses you. The gnoll sergeant closely misses you.
The gnoll hits you with a +0 halberd.
Things that are here:
a +0 halberd; a throwing net; a gnoll corpse You slash the gnoll!
You kill the gnoll!
You closely miss the gnoll. x2; You hit the gnoll sergeant.
The gnoll hits you but does no damage.
The gnoll sergeant hits you with a +0 spear.
* * * LOW HITPOINT WARNING * * *
The gnoll hits you with a +0 halberd.
* * * LOW HITPOINT WARNING * * *
Uskayaw will force your foes to helplessly watch your dance.
You hit the gnoll.
The gnoll is lightly wounded.
You barely miss the gnoll. You hit the gnoll sergeant.
The gnoll hits you but does no damage. The gnoll sergeant barely misses you.
The gnoll hits you but does no damage.
You completely miss the gnoll.
The gnoll is lightly wounded.
You hit the gnoll. You barely miss the gnoll sergeant.
The gnoll hits you but does no damage.
The gnoll sergeant hits you with a +0 spear!
* * * LOW HITPOINT WARNING * * *
The gnoll hits you with a +0 halberd!
You die...
Your body falls in perfect tune with the rhythm.

#.......#†..####
##.#.###...###
#.......#.##
#.#####.#.# #.#
#.#.# .## #.#
#.... ....####.#
#.###
......g#)#####.#
......g@)......#
.###.###g#...###
##....# ......
....... .......
....### ...


You could see a gnoll sergeant and 2 gnolls.

Vanquished Creatures
  Duvessa (D:5)
  A water moccasin (D:6)
  An ice beast (D:5)
  2 ogres (D:4)
  A centaur (D:5)
  A kobold brigand (D:6)
  A bullfrog (D:6)
  A scorpion (D:4)
  Dowan (D:5)
  A howler monkey (D:6)
  A jelly (D:4)
  3 orc priests
  4 hounds
  A sleepcap (D:5)
  An iguana (D:5)
  An orc wizard (D:6)
  Robin (D:2)
  7 gnolls
  4 adders
  2 white imps
  2 ufetubi (D:6)
  5 dart slugs
  2 ribbon worms
  12 orcs
  10 ball pythons
  8 bats
  5 endoplasms
  3 giant cockroaches
  23 goblins
  13 hobgoblins
  12 kobolds
  7 quokkas
  5 frilled lizards
  3 rats
146 creatures vanquished.

Notes
Turn   | Place    | Note
-------+----------+-------------------------------------------
     0 | D:1      | Orlauf the Demonspawn Gladiator began the quest for the
                  | Orb.
     0 | D:1      | Reached XP level 1. HP: 16/16 MP: 1/1
   207 | D:1      | Gained mutation: You regenerate magic rapidly. [demonic
                  | ancestry]
   207 | D:1      | Reached XP level 2. HP: 19/22 MP: 2/2
   417 | D:1      | Reached skill level 1 in Maces & Flails
   695 | D:1      | Gained mutation: You are surrounded by a mild repulsion
                  | field. (EV +2) [demonic ancestry]
   695 | D:1      | Reached XP level 3. HP: 24/28 MP: 3/3
   952 | D:2      | Noticed Robin
  1046 | D:2      | Killed Robin
  1177 | D:2      | Found an opulent altar of Gozag.
  1195 | D:2      | Identified the +7 dagger "Wanwesa" {heavy, Will+ rCorr
                  | Str+3 Stlth+}
  1353 | D:2      | Reached XP level 4. HP: 35/35 MP: 4/4
  1959 | D:3      | Found a stormy altar of Qazlal.
  2167 | D:3      | Found the +5 woodcutter's axe
  2199 | D:3      | Found a burning altar of Makhleb.
  2415 | D:3      | Found a faded altar of an unknown god.
  2620 | D:4      | Reached XP level 5. HP: 41/41 MP: 5/5
  2853 | D:4      | Noticed an ogre
  2860 | D:4      | Killed an ogre
  2861 | D:4      | Reached XP level 6. HP: 34/48 MP: 6/6
  3199 | D:4      | Found a hide-covered altar of Uskayaw.
  3208 | D:4      | Became a worshipper of Uskayaw the Reveller
  3242 | D:4      | Found a hazy altar of Hepliaklqana.
  3242 | D:4      | Found a snail-covered altar of Cheibriados.
  3363 | D:4      | Reached * piety under Uskayaw
  3367 | D:4      | Reached ** piety under Uskayaw
  3372 | D:4      | Reached *** piety under Uskayaw
  3374 | D:4      | Reached skill level 1 in Invocations
  3374 | D:4      | Reached XP level 7. HP: 55/55 MP: 6/8
  3376 | D:4      | Reached **** piety under Uskayaw
  3423 | D:5      | Entered Level 5 of the Dungeon
  3471 | D:5      | Found a staircase to the Ecumenical Temple.
  3495 | D:5      | Reached skill level 5 in Fighting
  3495 | D:5      | Reached skill level 5 in Staves
  3607 | D:5      | Found an ornate altar of the Wu Jian Council.
  3637 | D:5      | Noticed Dowan
  3638 | D:5      | Noticed Duvessa
  3649 | D:5      | Killed Dowan
  3649 | D:5      | Killed Duvessa
  3967 | D:5      | Found a shimmering blue altar of Sif Muna.
  4540 | D:5      | Reached XP level 8. HP: 63/64 MP: 11/11
  4865 | D:6      | Reached skill level 5 in Invocations
  4912 | D:6      | Slain by a gnoll

Illustrated notes

Levels and vault maps discovered:
D:1:      co_arrival_square_in_a_square_in_a_square, layout_basic
D:2:      layout_loops_ring, basic_altar, nicolae_eternal_life,
          minmay_indecisive_spiral, uniq_robin
D:3:      layout_loops_cross, mainiacjoe_overflow_paths,
          mainiacjoe_overflow_boulevard, shapermc_ecumenical_altar_pompeii
D:4:      layout_loops_ring, gammafunk_temple_overflow_forgotten,
          lemuel_coloured_pillars_altar, minmay_ogre_servants
D:5:      layout_basic, lemuel_blue_sif_altar, old_standard_altar,
          minmay_temple_entry_grid, uniq_duvessa
D:6:      layout_loops_ring

Skill      XL: |  1  2  3  4  5  6  7  8 |
---------------+-------------------------+-----
Maces & Flails | 1 2 3 |  3.0
Staves         | 3 4 5 6 |  6.2
Fighting       | 3 4 5 6 |  6.5
Invocations    | 1 4 5 |  5.4
Throwing       | |  1.7
Dodging        | |  2.6

Action                     |  1- 3 |  4- 6 |  7- 9 || total
---------------------------+-------+-------+-------++-------
  Melee: Quarterstaff      |   148 |    48 |       ||   196
         Battleaxe         |       |    88 |   106 ||   194
    Use: Scroll            |     4 |     7 |     1 ||    12
   Stab: Paralysed         |       |     1 |    12 ||    13
 Armour: Leather armour    |    17 |       |       ||    17
         Chain mail        |   155 |    96 |    96 ||   347
  Dodge: Dodged            |    70 |    61 |    71 ||   202

Table legend: (Time is in decaauts)
 A = Elapsed time spent in this place.
 B = Non-inter-level travel time spent in this place.
 C = Inter-level travel time spent in this place.
 D = Time resting spent in this place.
 E = Time spent auto-exploring this place.
 F = Levels seen in this place.
 G = Mean time per level.
                   A        B        C        D        E       F      G
               +--------+--------+--------+--------+--------+-----+--------+
         Total |   4936 |   4856 |     80 |    233 |   3746 |   6 |  822.7 |
       Dungeon |   4936 |   4856 |     80 |    233 |   3746 |   6 |  822.7 |
               +--------+--------+--------+--------+--------+-----+--------+

Top non-repeatable levels by time:
     D:5: 1164 daAuts
     D:1: 1035 daAuts
     D:2: 929 daAuts
     D:4: 876 daAuts
     D:3: 607 daAuts
     D:6: 323 daAuts
